TOP OF THE 1ST |
Saskatoon Smokin' Guns batting - Pitching for Colorado Commanders : RHP Bill Morris
|
Pitching: RHP Bill Morris
|
|
Batting: RHB Oliver Harris
|
0-0: Ball 1-0: Foul Ball, location: 2F 1-1: Ball 2-1: Swinging Strike 2-2: DOUBLE (Groundball, 5L)
|
Batting: RHB Eric Neal
|
0-0: Called Strike 0-1: Swinging Strike 0-2: Foul Ball, location: 2F 0-2: Ball 1-2: Strikes out looking
|
Batting: LHB Freddy Herrera
|
0-0: Called Strike 0-1: Ball 1-1: Fly out, F9 (Flyball, 9M)
|
Batting: LHB Del Kennedy
|
0-0: Called Strike 0-1: Ball 1-1: Called Strike 1-2: Foul Ball, location: 2F 1-2: Ball 2-2: Fly out, F8 (Line Drive, 8LM)
|
Top of the 1st over - 0 run(s), 1 hit(s), 0 error(s), 1 left on base; Saskatoon 0 - Colorado 0 |
BOTTOM OF THE 1ST |
Colorado Commanders batting - Pitching for Saskatoon Smokin' Guns : RHP William Bryan
|
Pitching: RHP William Bryan
|
|
Batting: LHB Rafael Delgado
|
0-0: Ball 1-0: Called Strike 1-1: Ball 2-1: Called Strike 2-2: Foul Ball, location: 2F 2-2: Foul Ball, location: 2F 2-2: Strikes out swinging
|
Batting: RHB Paul Ladd
|
0-0: Called Strike 0-1: SINGLE (Line Drive, 8RS)
|
Batting: RHB Emílio Bruno
|
0-0: Ball 1-0: Ball 2-0: Foul Ball, location: 2F 2-1: Grounds into double play, 4-6-3 (Groundball, 4)
|
Bottom of the 1st over - 0 run(s), 1 hit(s), 0 error(s), 0 left on base; Saskatoon 0 - Colorado 0 |
TOP OF THE 2ND |
Saskatoon Smokin' Guns batting - Pitching for Colorado Commanders : RHP Bill Morris
|
Batting: RHB António Yánez
|
0-0: Ball 1-0: Ground out 2-3 (Groundball, 25)
|
Batting: RHB Pedro Núńez
|
0-0: Ball 1-0: Swinging Strike 1-1: Swinging Strike 1-2: Strikes out swinging
|
Batting: RHB Chris Richards
|
0-0: Ball 1-0: Ball 2-0: Ball 3-0: Base on Balls
|
Batting: RHB Alvin Hampton
|
0-0: Ball 1-0: Ball Chris Richards is caught stealing 2nd base
|
Top of the 2nd over - 0 run(s), 0 hit(s), 0 error(s), 0 left on base; Saskatoon 0 - Colorado 0 |
BOTTOM OF THE 2ND |
Colorado Commanders batting - Pitching for Saskatoon Smokin' Guns : RHP William Bryan
|
Batting: SHB António Hernández
|
0-0: Ball 1-0: Ball 2-0: Called Strike 2-1: Foul Ball, location: 2F 2-2: Foul Ball, location: 2F 2-2: Strikes out swinging
|
Batting: RHB Keith Jones
|
0-0: Called Strike 0-1: Ball 1-1: Ball 2-1: Foul Ball, location: 2F 2-2: Strikes out looking
|
Batting: SHB Scott Compton
|
0-0: Ball 1-0: Ball 2-0: Ball 3-0: Called Strike 3-1: DOUBLE (Line Drive, 3D)
|
Batting: RHB Emiel van Rhee
|
0-0: Called Strike 0-1: Foul Ball, location: 2F 0-2: Ball 1-2: Ball 2-2: Foul Ball, location: 2F 2-2: Strikes out swinging
|
Bottom of the 2nd over - 0 run(s), 1 hit(s), 0 error(s), 1 left on base; Saskatoon 0 - Colorado 0 |
TOP OF THE 3RD |
Saskatoon Smokin' Guns batting - Pitching for Colorado Commanders : RHP Bill Morris
|
Batting: RHB Alvin Hampton
|
0-0: Ball 1-0: Ball 2-0: Called Strike 2-1: Ball 3-1: Base on Balls
|
Batting: RHB Jason O'Toole
|
0-0: Fly out, F7 (Flyball, 7S)
|
Batting: RHB Oliver Harris
|
0-0: Called Strike 0-1: Ball 1-1: Foul Ball, location: 2F 1-2: Foul Ball, location: 2F 1-2: Ball 2-2: Fly out, F9 (Popup, 9S)
|
Batting: RHB Eric Neal
|
0-0: Called Strike 0-1: Ball 1-1: Ball 2-1: Ball 3-1: Base on Balls Alvin Hampton to second
|
Batting: LHB Freddy Herrera
|
0-0: Called Strike 0-1: Ball 1-1: Ground out 4-3 (Groundball, 34)
|
Top of the 3rd over - 0 run(s), 0 hit(s), 0 error(s), 2 left on base; Saskatoon 0 - Colorado 0 |
BOTTOM OF THE 3RD |
Colorado Commanders batting - Pitching for Saskatoon Smokin' Guns : RHP William Bryan
|
Batting: RHB Earnest Turner
|
0-0: Fly out, F6 (Popup, 6MD)
|
Batting: RHB Xavier De La Cruz
|
0-0: Ball 1-0: Fly out, F9 (Flyball, 9M)
|
Batting: LHB Rafael Delgado
|
0-0: Called Strike 0-1: Foul Ball, location: 2F 0-2: Ball 1-2: Foul Ball, location: 2F 1-2: Foul Ball, location: 2F 1-2: Foul Ball, location: 2F 1-2: Ground out 4-3 (Groundball, 4)
|
Bottom of the 3rd over - 0 run(s), 0 hit(s), 0 error(s), 0 left on base; Saskatoon 0 - Colorado 0 |
TOP OF THE 4TH |
Saskatoon Smokin' Guns batting - Pitching for Colorado Commanders : RHP Bill Morris
|
Batting: LHB Del Kennedy
|
Single, Error in OF, E8, batter to second base
|
Batting: RHB António Yánez
|
0-0: Foul Ball, location: 2F 0-1: Ball 1-1: Ball 2-1: Hit by Pitch
|
Batting: RHB Pedro Núńez
|
0-0: SINGLE (Groundball, 4MD) Del Kennedy to third António Yánez to second Runner from 3rd tries for Home, SAFE, no throw or cutoff
|
Batting: RHB Chris Richards
|
0-0: SINGLE (Line Drive, 6MD) António Yánez to third Pedro Núńez to second Runner from 3rd tries for Home, SAFE, no throw or cutoff
|
Batting: RHB Alvin Hampton
|
0-0: Called Strike 0-1: Called Strike 0-2: Strikes out swinging
|
Batting: RHB Jason O'Toole
|
0-0: Ball 1-0: Ball 2-0: SINGLE (Flyball, 9S) Pedro Núńez to third Chris Richards to second
|
Batting: RHB Oliver Harris
|
0-0: Called Strike 0-1: SINGLE (Groundball, 6MD) Pedro Núńez scores Chris Richards to third Jason O'Toole to second
|
Batting: RHB Eric Neal
|
0-0: Ball 1-0: Foul Ball, location: 2F 1-1: Fly out, F6 (Popup, 6D)
|
Batting: LHB Freddy Herrera
|
0-0: Swinging Strike 0-1: Foul Ball, location: 2F 0-2: Foul Ball, location: 2F 0-2: Strikes out looking
|
Top of the 4th over - 3 run(s), 5 hit(s), 1 error(s), 3 left on base; Saskatoon 3 - Colorado 0 |
BOTTOM OF THE 4TH |
Colorado Commanders batting - Pitching for Saskatoon Smokin' Guns : RHP William Bryan
|
Batting: RHB Paul Ladd
|
0-0: Called Strike 0-1: DOUBLE (Line Drive, 8LM)
|
Batting: RHB Emílio Bruno
|
0-0: Called Strike 0-1: Ball 1-1: Reached on error, E4 (Groundball, 4) Paul Ladd scores
|
Batting: SHB António Hernández
|
0-0: Ball 1-0: Foul Ball, location: 2F 1-1: Called Strike 1-2: Strikes out swinging
|
Batting: RHB Keith Jones
|
0-0: Ball 1-0: Called Strike 1-1: Swinging Strike 1-2: Strikes out swinging
|
Batting: SHB Scott Compton
|
0-0: Ground out 4-3 (Groundball, 34)
|
Bottom of the 4th over - 1 run(s), 1 hit(s), 1 error(s), 1 left on base; Saskatoon 3 - Colorado 1 |
TOP OF THE 5TH |
Saskatoon Smokin' Guns batting - Pitching for Colorado Commanders : RHP Bill Morris
|
Batting: LHB Del Kennedy
|
0-0: Called Strike 0-1: Foul Ball, location: 2F 0-2: Foul Ball, location: 2F 0-2: Ball 1-2: Strikes out looking
|
Batting: RHB António Yánez
|
0-0: Ball 1-0: Ball 2-0: Ball 3-0: Called Strike 3-1: Base on Balls
|
Pitching: RHP Christian Camden
|
|
Batting: RHB Pedro Núńez
|
0-0: Ball 1-0: SINGLE (Line Drive, 7S) António Yánez to second
|
Batting: RHB Chris Richards
|
0-0: Foul Ball, location: 2F 0-1: Ball 1-1: Grounds into double play, U6-3 (Groundball, 6M)
|
Top of the 5th over - 0 run(s), 1 hit(s), 0 error(s), 1 left on base; Saskatoon 3 - Colorado 1 |
BOTTOM OF THE 5TH |
Colorado Commanders batting - Pitching for Saskatoon Smokin' Guns : RHP William Bryan
|
Batting: RHB Emiel van Rhee
|
0-0: Ball 1-0: Ball 2-0: Foul Ball, location: 2F 2-1: Ball 3-1: Foul Ball, location: 2F 3-2: SINGLE (Flyball, 8LS)
|
Batting: RHB Earnest Turner
|
0-0: Called Strike 0-1: Swinging Strike 0-2: Ball 1-2: Strikes out swinging
|
Batting: RHB Xavier De La Cruz
|
0-0: Ball Emiel van Rhee steals 2nd base 1-0: Swinging Strike 1-1: Ball 2-1: Foul Ball, location: 2F 2-2: Fly out, F9 (Popup, 89S)
|
Batting: LHB Rafael Delgado
|
0-0: Fly out, F7 (Flyball, 7M)
|
Bottom of the 5th over - 0 run(s), 1 hit(s), 0 error(s), 1 left on base; Saskatoon 3 - Colorado 1 |
TOP OF THE 6TH |
Saskatoon Smokin' Guns batting - Pitching for Colorado Commanders : RHP Christian Camden
|
Batting: RHB Alvin Hampton
|
0-0: Ball 1-0: Called Strike 1-1: Fly out, F8 (Flyball, 8RM)
|
Batting: RHB Jason O'Toole
|
0-0: Ball 1-0: Foul Ball, location: 2F 1-1: Called Strike 1-2: Strikes out swinging
|
Batting: RHB Oliver Harris
|
0-0: Called Strike 0-1: Called Strike 0-2: Ball 1-2: Fly out, F9 (Flyball, 9M)
|
Top of the 6th over - 0 run(s), 0 hit(s), 0 error(s), 0 left on base; Saskatoon 3 - Colorado 1 |
BOTTOM OF THE 6TH |
Colorado Commanders batting - Pitching for Saskatoon Smokin' Guns : RHP William Bryan
|
Batting: RHB Paul Ladd
|
0-0: Called Strike 0-1: Ball 1-1: Called Strike 1-2: Ground out U3 (Groundball, 3)
|
Batting: RHB Emílio Bruno
|
0-0: Ball 1-0: Fly out, F7 (Flyball, 7D)
|
Batting: SHB António Hernández
|
0-0: Swinging Strike 0-1: Ball 1-1: Foul Ball, location: 2F 1-2: Ball 2-2: Strikes out swinging
|
Bottom of the 6th over - 0 run(s), 0 hit(s), 0 error(s), 0 left on base; Saskatoon 3 - Colorado 1 |
TOP OF THE 7TH |
Saskatoon Smokin' Guns batting - Pitching for Colorado Commanders : RHP Christian Camden
|
Batting: RHB Eric Neal
|
0-0: Ball 1-0: Ball 2-0: Ball 3-0: Called Strike 3-1: Called Strike 3-2: Foul Ball, location: 2F 3-2: Foul Ball, location: 2F 3-2: Fly out, F8 (Flyball, 8RS)
|
Pitching: LHP Jerry Beck
|
|
Batting: LHB Freddy Herrera
|
0-0: Called Strike 0-1: Foul Ball, location: 2F 0-2: Ball 1-2: Ball 2-2: Foul Ball, location: 2F 2-2: Ball 3-2: Foul Ball, location: 2F 3-2: Base on Balls
|
Batting: LHB Del Kennedy
|
0-0: Swinging Strike 0-1: Ball 1-1: Ball 2-1: Foul Ball, location: 2F 2-2: Strikes out swinging
|
Batting: RHB António Yánez
|
0-0: Fly out, F8 (Flyball, 8RS)
|
Top of the 7th over - 0 run(s), 0 hit(s), 0 error(s), 1 left on base; Saskatoon 3 - Colorado 1 |
BOTTOM OF THE 7TH |
Colorado Commanders batting - Pitching for Saskatoon Smokin' Guns : RHP William Bryan
|
Pitching: RHP Allen Collins
|
|
Batting: RHB Keith Jones
|
0-0: Called Strike 0-1: Foul Ball, location: 2F 0-2: Strikes out looking
|
Batting: SHB Scott Compton
|
0-0: Ball 1-0: Swinging Strike 1-1: Called Strike 1-2: Foul Ball, location: 2F 1-2: Ball 2-2: Ball 3-2: Strikes out swinging
|
Batting: RHB Emiel van Rhee
|
0-0: Ball 1-0: Called Strike 1-1: Ball 2-1: Ball 3-1: Base on Balls
|
Batting: RHB Earnest Turner
|
0-0: Ball 1-0: Ball 2-0: Called Strike Emiel van Rhee is caught stealing 2nd base
|
Bottom of the 7th over - 0 run(s), 0 hit(s), 0 error(s), 0 left on base; Saskatoon 3 - Colorado 1 |
TOP OF THE 8TH |
Saskatoon Smokin' Guns batting - Pitching for Colorado Commanders : LHP Jerry Beck
|
Batting: RHB Pedro Núńez
|
0-0: Ball 1-0: Called Strike 1-1: Foul Ball, location: 2F 1-2: Fly out, F8 (Flyball, 8RM)
|
Batting: RHB Chris Richards
|
0-0: Ball 1-0: Fly out, F9 (Flyball, 89M)
|
Batting: RHB Alvin Hampton
|
0-0: Called Strike 0-1: Called Strike 0-2: Ball 1-2: Strikes out looking
|
Top of the 8th over - 0 run(s), 0 hit(s), 0 error(s), 0 left on base; Saskatoon 3 - Colorado 1 |
BOTTOM OF THE 8TH |
Colorado Commanders batting - Pitching for Saskatoon Smokin' Guns : RHP Allen Collins
|
Batting: RHB Earnest Turner
|
0-0: Called Strike 0-1: Foul Ball, location: 2F 0-2: Ball 1-2: Strikes out swinging
|
Batting: RHB Xavier De La Cruz
|
0-0: DOUBLE (Line Drive, 5D)
|
Pitching: RHP Bernie Titus
|
|
Batting: LHB Rafael Delgado
|
0-0: Ball 1-0: Called Strike 1-1: Ground out 4-3 (Groundball, 4) Xavier De La Cruz to third
|
Batting: RHB Paul Ladd
|
0-0: Ball 1-0: Ball 2-0: Ball 3-0: Called Strike 3-1: Base on Balls
|
Batting: RHB Emílio Bruno
|
0-0: Ball 1-0: Swinging Strike 1-1: Ball Pickoff Throw by Catcher to First - Out!
|
Bottom of the 8th over - 0 run(s), 1 hit(s), 0 error(s), 0 left on base; Saskatoon 3 - Colorado 1 |
TOP OF THE 9TH |
Saskatoon Smokin' Guns batting - Pitching for Colorado Commanders : LHP Jerry Beck
|
Batting: RHB Jason O'Toole
|
0-0: Ball 1-0: Fly out, F8 (Flyball, 8LM)
|
Batting: RHB Oliver Harris
|
0-0: Called Strike 0-1: Foul Ball, location: 2F 0-2: Ball 1-2: Ball 2-2: Strikes out swinging
|
Pitching: RHP Jonathan Long
|
|
Batting: RHB Eric Neal
|
0-0: Foul Ball, location: 2F 0-1: Ball 1-1: Fly out, F6 (Popup, 6S)
|
Top of the 9th over - 0 run(s), 0 hit(s), 0 error(s), 0 left on base; Saskatoon 3 - Colorado 1 |
BOTTOM OF THE 9TH |
Colorado Commanders batting - Pitching for Saskatoon Smokin' Guns : RHP Bernie Titus
|
Pitching: RHP Clayton Hawkins
|
|
Batting: RHB Emílio Bruno
|
0-0: Ball 1-0: Called Strike 1-1: Fly out, F9 (Flyball, 9M)
|
Batting: SHB António Hernández
|
0-0: Ground out 3-1 (Groundball, 34)
|
Batting: RHB Keith Jones
|
0-0: Called Strike 0-1: Called Strike 0-2: Foul Ball, location: 2F 0-2: Strikes out swinging
|
Bottom of the 9th over - 0 run(s), 0 hit(s), 0 error(s), 0 left on base; Saskatoon 3 - Colorado 1 |
|